 Dungeon Crawl Stone Soup version 0.29-a0-819-g94b489e0ae (webtiles) character file.

Game seed: 6290550118211079599

20 Derenoc the Ruffian (level 2, 29/29 HPs)
             Began as a Troll Monk on July 6, 2022.
             Was a Believer of Cheibriados.
             Quit the game on level 1 of the Dungeon.
             The game lasted 00:02:04 (371 turns).

Derenoc the Ruffian (Troll Monk)                     Turns: 371, Time: 00:02:05

Health: 29/29      AC:  4    Str: 24    XL:     2   Next: 58%
Magic:  1/1        EV: 10    Int: 12    God:    Cheibriados [**....]
Gold:   89         SH:  5    Dex: 18    Spells: 1/1 levels left

rFire   . . .      SeeInvis .     - Unarmed
rCold   . . .      Faith    .   (no shield)
rNeg    . . .      Spirit   .   a - +0 robe
rPois   .          Reflect  +   (helmet restricted)
rElec   .          Harm     .   (no cloak)
rCorr   .          Rampage  .   (gloves unavailable)
Will    .....                   (boots unavailable)
Stlth   ++........              e - amulet of reflection
HPRegen 0.89/turn               (no ring)
MPRegen 0.07/turn               (no ring)

@: very slow
A: large, unfitting armour, claws 3, regeneration 1, shaggy fur 1, tough skin 1
a: Renounce Religion, Bend Time


You were on level 1 of the Dungeon.
You worshipped Cheibriados.
Cheibriados was pleased with you.
You visited 1 branch of the dungeon, and saw 1 of its levels.

You collected 89 gold pieces.

Inventory:

Armour
 a - a +0 robe (worn)
Jewellery
 e - an amulet of reflection (around neck)
Scrolls
 c - a scroll of identify {unknown}
 f - a scroll of poison {unknown}
Potions
 b - a potion of ambrosia
 d - a potion of berserk rage {unknown}


   Skills:
 - Level 2.4 Fighting
 - Level 2.4 Dodging
 - Level 1.0 Stealth
 * Level 3.8 Unarmed Combat


You had one spell level left.
You didn't know any spells.
Your spell library was empty.

Dungeon Overview and Level Annotations

Branches:
Dungeon (1/15)

Altars:
Cheibriados


Innate Abilities, Weirdness & Mutations

You are too large for most types of armour.
You have claws for hands.
Your natural rate of healing is unusually fast.
You are covered in fur. (AC +1)
You have tough skin. (AC +1)


Message History

Found a faded altar of an unknown god.
You now have 85 gold pieces (gained 2).
You now have 89 gold pieces (gained 4).
You see here a quokka corpse.
You see here a hobgoblin corpse.
You see here a hobgoblin skeleton.
You enter the shallow water.
Moving in this stuff is going to be slow.
You enter the shallow water.
Moving in this stuff is going to be slow.
A ball python comes into view.
The ball python hisses angrily.
You enter the shallow water.
Moving in this stuff is going to be slow.
The ball python bites you but does no damage.
The ball python attacks as you move away!
The ball python closely misses you.
The ball python bites you but does no damage. x2
Why would you want to do that? Why would you want to do that?
You scratch the ball python.
You kill the ball python!
You see here a ball python corpse.
Why would you want to do that?
There is a faded altar of an unknown god here.
You cannot tell which god this altar belongs to.
Convert to them anyway?
Cheibriados accepts your prayer! Cheibriados welcomes you!
You can now bend time to slow others.
Cheibriados raises the support of your attributes as your movement slows. x3
Cheibriados begins to support your attributes as your movement slows.
Cheibriados is now slowing the effects of poison on you.
Cheibriados raises the support of your attributes as your movement slows. x2
Unknown command.
Press < or > to pray at altars.
Unknown command.
Press < or > to pray at altars.
Unknown command.
Press < or > to pray at altars.
Are you sure you want to abandon this character and quit the game? (Confirm with "yes".)

##.#†.........#
##########.##########.##
#..≈..≈.....≈.# #.##
#......≈......# #...
#.≈≈≈≈≈≈≈≈≈≈..# ##..
...≈≈≈≈≈≈≈≈≈≈≈# ###..#
...≈≈≈≈≈≈≈≈≈.≈#####...##
...≈≈≈≈.≈≈≈≈........####
#..≈≈≈.@.≈≈≈..###..#####
#≈.≈≈≈≈≈≈≈≈≈≈.# #..#....
#≈≈≈≈≈≈≈≈≈≈≈≈≈# #....###
#≈≈≈≈≈≈≈≈≈≈≈.≈# #..#####
#.≈≈≈≈≈†≈≈≈≈..###..##...
#≈≈.≈.≈≈..≈≈≈≈.....##.##
..≈...≈≈≈.......#..##.#
#...............#..##.#
####..................#


There were no monsters in sight!

Vanquished Creatures
  2 ball pythons (D:1)
  2 endoplasms (D:1)
  A giant cockroach (D:1)
  3 goblins (D:1)
  3 hobgoblins (D:1)
  2 quokkas (D:1)
  A bat (D:1)
  A kobold (D:1)
  2 rats (D:1)
17 creatures vanquished.

Notes
Turn   | Place    | Note
-------+----------+-------------------------------------------
     0 | D:1      | Derenoc the Troll Monk began the quest for the Orb.
     0 | D:1      | Reached XP level 1. HP: 22/22 MP: 0/0
   101 | D:1      | Reached XP level 2. HP: 28/29 MP: 1/1
   255 | D:1      | Found a faded altar of an unknown god.
   370 | D:1      | Prayed at the altar of an unknown god.
   370 | D:1      | Became a worshipper of Cheibriados the Contemplative
   370 | D:1      | Reached * piety under Cheibriados
   370 | D:1      | Reached ** piety under Cheibriados
   371 | D:1      | Quit the game

Illustrated notes

Levels and vault maps discovered:
D:1:      ebering_trefoil_twist, layout_rooms, chequers_ecumenical_altar_island

Action                   || total
-------------------------++-------
Melee: Unarmed           ||    31
       Punch             ||     1
 Stab: Sleeping          ||     1
Armor: Robe              ||    12
Dodge: Dodged            ||    10
Block: Other             ||     4

Table legend: (Time is in decaauts)
 A = Elapsed time spent in this place.
 B = Non-inter-level travel time spent in this place.
 C = Inter-level travel time spent in this place.
 D = Time resting spent in this place.
 E = Time spent auto-exploring this place.
 F = Levels seen in this place.
 G = Mean time per level.
                   A        B        C        D        E       F      G
               +--------+--------+--------+--------+--------+-----+--------+
         Total |    377 |    377 |      0 |      0 |    259 |   1 |  377.0 |
       Dungeon |    377 |    377 |      0 |      0 |    259 |   1 |  377.0 |
               +--------+--------+--------+--------+--------+-----+--------+

Top non-repeatable levels by time:
     D:1: 377 daAuts
